 Dungeon Crawl Stone Soup version 0.28-a0-1234-g826d19b2e0 (webtiles) character file.

Game seed: 18024006589320816879

14085 Crownlay the Thaumaturge (level 12, -1/69 HPs)
             Began as a Gargoyle Earth Elementalist on Dec 23, 2021.
             Was a Priest of Vehumet.
             Killed by refrigeration
             ... invoked by Fannar
              (19 damage)
             ... on level 12 of the Dungeon.
             The game lasted 00:27:53 (13731 turns).

Crownlay the Thaumaturge (GrEE)                    Turns: 13731, Time: 00:27:54

Health: -1/69      AC: 19    Str: 12    XL:     12   Next: 12%
Magic:  11/28      EV: 11    Int: 21    God:    Vehumet [***...]
Gold:   527        SH:  4    Dex: 10    Spells: 26/35 levels left

rFire   . . .      SeeInvis .   r - staff of earth
rCold   . . .      Faith    .   n - +0 buckler
rNeg    + . .      Spirit   .   E - +3 steam dragon scales
rPois   ∞          Reflect  .   (no helmet)
rElec   +          Harm     .   h - +0 cloak
rCorr   +          Rampage  .   N - +0 pair of gloves
Will    +....                   v - +0 pair of boots
Stlth   ++........              (no amulet)
HPRegen 0.21/turn               b - ring of willpower
MPRegen 0.21/turn               I - ring of resist corrosion

@: no status effects
A: sickness immunity, AC +8, negative energy resistance 1, electricity
resistance, torment resistance 1, petrification resistance
a: Renounce Religion


You were on level 12 of the Dungeon.
You worshipped Vehumet.
Vehumet was most pleased with you.
You visited 2 branches of the dungeon, and saw 13 of its levels.
You also visited: Ossuary.

You collected 691 gold pieces.
You spent 164 gold pieces at shops.

Inventory:

Hand Weapons
 F - the +7 war axe "Eppuwyff" {venom, Fly rCorr Stlth+}
   (You found it on level 6 of the Dungeon)

   It poisons the flesh of those it strikes.
   Fly:       It grants you flight.
   rCorr:     It protects you from acid and corrosion.
   Stlth:     It makes you more stealthy.
Missiles
 c - 16 stones
 H - 2 throwing nets
Armour
 h - a +0 cloak (worn)
 n - a +0 buckler (worn)
 v - a +0 pair of boots (worn)
 E - +3 steam dragon scales (worn)
 N - a +0 pair of gloves (worn)
Magical Staves
 r - a staff of earth (weapon)
Jewellery
 b - a ring of willpower (left hand)
 x - a ring of protection from fire
 I - a ring of resist corrosion (right hand)
Wands
 q - a wand of iceblast (1)
 y - a wand of flame (10)
 J - a wand of paralysis (7)
 M - a wand of polymorph (6)
Scrolls
 d - 3 scrolls of magic mapping
 e - a scroll of summoning {unknown}
 f - 2 scrolls of identify
 i - a scroll of amnesia {unknown}
 j - 9 scrolls of teleportation
 o - 2 scrolls of fog
 z - 2 scrolls of fear
 B - a scroll of noise {unknown}
 C - a scroll of acquirement {unknown}
 D - a scroll of vulnerability {unknown}
 L - 2 scrolls of immolation {unknown}
Potions
 a - 6 potions of curing
 k - 2 potions of haste {unknown}
 l - 2 potions of mutation {unknown}
 m - a potion of might
 p - a potion of attraction {unknown}
 s - 4 potions of heal wounds
 t - a potion of lignification {unknown}
 u - 5 potions of invisibility
 w - 3 potions of flight
 A - a potion of resistance {unknown}
 G - a potion of brilliance {unknown}
 K - a potion of ambrosia {unknown}
Miscellaneous
 g - a condenser vane


   Skills:
 + Level 5.7 Fighting
 - Level 1.5 Dodging
 - Level 2.1 Stealth
 - Level 4.0 Shields
 + Level 12.4 Spellcasting
 * Level 8.4 Conjurations
 - Level 0.7 Transmutations
 - Level 10.0 Earth Magic
 - Level 5.0 Evocations


You had 26 spell levels left.
You knew the following spells:

 Your Spells              Type           Power      Damage    Failure   Level
a - Sandblast             Erth           100%       2d20      1%          1
b - Stone Arrow           Conj/Erth      100%       3d13      1%          3
c - Lee's Rapid Deconstr  Erth           35%        3d19*     1%          5

Your spell library contained the following spells:

 Spells                   Type           Power      Damage    Failure   Level
 Conjure Flame            Conj/Fire      30%        6-21      1%          3
 Passwall                 Tmut/Erth      43%        N/A       1%          2
 Poisonous Vapours        Pois/Air       26%        N/A       2%          2
 Fulminant Prism          Conj/Hex       15%        3d11      2%          4
 Iskenderun's Mystic Bla  Conj/Tloc      30%        2d8       2%          4
 Animate Skeleton         Necr           26%        N/A       4%          1
 Apportation              Tloc           26%        N/A       4%          1
 Pain                     Necr           52%        1d6       4%          1
 Summon Small Mammal      Summ           52%        N/A       4%          1
 Petrify                  Tmut/Erth      52%        N/A       5%          4
 Corpse Rot               Necr/Air       26%        N/A       8%          2
 Ensorcelled Hibernation  Hex/Ice        26%        N/A       8%          2
 Spider Form              Tmut/Pois      14%        N/A       13%         3
 Tukima's Dance           Hex            13%        N/A       16%         3
 Vampiric Draining        Necr           13%        2d6       16%         3


Dungeon Overview and Level Annotations

Branches:
Dungeon (12/15)            Temple (1/1) D:6            Lair (0/6) D:9
Ossuary (visited)
    Orc: D:9-12

Altars:
Ashenzari
Cheibriados
Dithmenos
Elyvilon
Fedhas
Gozag
Hepliaklqana
Kikubaaqudgha
Ru
Vehumet
Wu Jian
Xom
The Shining One

Shops:
D:2 [   D:5 ?   D:8 *

Annotations:
D:12 Fannar


Innate Abilities, Weirdness & Mutations

You are immune to sickness and miasma.
Your stone body is resilient. (AC +8)
You are immune to poison.
You resist negative energy. (rN+)
You are resistant to electric shocks. (rElec)
You are resistant to unholy torment.
You are immune to petrification.


Message History

Press: ? - help, Dir - move target A rock wall.
Okay, then.
You are too injured to fight recklessly!
Casting: Lee's Rapid Deconstruction (dangerous; 1% risk of failure)
Confirm with . or Enter, or press ? or * to list all spells.
Aiming: Stone Arrow (safe; 1% risk of failure)
Press: ? - help, Shift-Dir - straight line, f - Fannar
Aim: Fannar, wielding a +0 quarterstaff of freezing, wearing a +2 robe of cold resistance and wearing a ring of ice (moderately wounded, 63% to hit)
You feel a surge of power!
The stone arrow hits Fannar.
Fannar is moderately wounded.
Casting: Stone Arrow (safe; 1% risk of failure)
Confirm with . or Enter, or press ? or * to list all spells.
Aiming: Stone Arrow (safe; 1% risk of failure)
Press: ? - help, Shift-Dir - straight line, f/p - Fannar
Aim: Fannar, wielding a +0 quarterstaff of freezing, wearing a +2 robe of cold resistance and wearing a ring of ice (moderately wounded, 63% to hit)
You feel a surge of power!
The stone arrow hits Fannar!!
Fannar is heavily wounded.
Casting: Stone Arrow (safe; 1% risk of failure)
Confirm with . or Enter, or press ? or * to list all spells.
Aiming: Stone Arrow (safe; 1% risk of failure)
Press: ? - help, Shift-Dir - straight line, f/p - Fannar
Aim: Fannar, wielding a +0 quarterstaff of freezing, wearing a +2 robe of cold resistance and wearing a ring of ice (heavily wounded, 63% to hit)
You feel a surge of power!
The stone arrow hits Fannar!!
Fannar is severely wounded.
Fannar mumbles some strange words.
Fannar drains the heat from the surrounding environment!
* * * LOW HITPOINT WARNING * * *
You feel much better.
Fannar points at you and mumbles some strange words.
The bolt of cold hits you!!
* * * LOW HITPOINT WARNING * * *
You feel much better.
Fannar casts a spell.
Fannar drains the heat from the surrounding environment!
* * * LOW HITPOINT WARNING * * *
You feel much better.
Fannar mumbles some strange words.
Fannar drains the heat from the surrounding environment!
You die...

.#####'#.....#
#.....#...#.#
######.....#...#.#
#..........#...#.#
#..........#.....#
#...##.....#.....#
#...##.....#.....#
#..........#.....#
#..@.......#.....#
#..........#.....#
#..e##.....#.....#
#...# .....#
...... .....#
#.....# ....#
#.....# ....#
#...... ...#


You could see Fannar.

Vanquished Creatures
  A hydra (D:11)
  A boulder beetle (D:7)
  3 two-headed ogres
  Nergalle (D:10)
  3 cyclopes
  Joseph (D:8)
  A gargoyle (D:12)
  3 kobold demonologists
  A komodo dragon (D:12)
  2 trolls (D:9)
  Prince Ribbit (D:6)
  2 meliai zombies (D:11)
  Sigmund (D:6)
  A shadow (D:11)
  A wraith (D:12)
  A basilisk (D:8)
  A steam dragon (D:7)
  4 yaks (D:10)
  An acid dragon (D:9)
  3 water moccasins
  A black bear (D:6)
  A sky beast (D:6)
  An ogre (D:4)
  4 centaurs
  2 necrophages
  A wolf (D:9)
  10 kobold brigands
  2 elf zombies (Ossuary)
  A bullfrog (D:8)
  3 scorpions
  A gnoll sergeant (D:5)
  A water moccasin zombie (D:5)
  7 killer bees
  17 wights
  13 electric eels
  2 howler monkeys
  A bullfrog zombie (D:5)
  4 orc priests
  2 centaur zombies
  3 human zombies (Ossuary)
  3 centaur skeletons
  3 hounds (D:9)
  3 jellies
  2 gnoll shamans
  A bullfrog skeleton (D:6)
  2 iguanas
  10 orc wizards
  A scorpion zombie (D:5)
  A killer bee zombie (D:4)
  2 human simulacra (D:9)
  3 hound zombies
  3 mummies (Ossuary)
  16 gnolls
  11 adders
  A white imp (D:8)
  3 ufetubi
  2 adder zombies (Ossuary)
  4 worms
  A dart slug (D:2)
  22 orcs
  6 ball pythons
  6 endoplasms
  4 giant cockroaches
  A gnoll zombie (Ossuary)
  8 goblins
  2 hobgoblins
  24 kobolds
  4 quokkas
  A bat (D:3)
  3 frilled lizards
  6 goblin zombies (Ossuary)
  3 hobgoblin zombies (Ossuary)
  2 jackal zombies (Ossuary)
  2 kobold zombies (Ossuary)
  An orc zombie (Ossuary)
  5 quokka zombies (Ossuary)
  4 rats
  5 rat zombies (Ossuary)
291 creatures vanquished.

Vanquished Creatures (others)
  A wraith (D:12)
  A hound (D:9)
  4 plants (D:8)
6 creatures vanquished.

Grand Total: 297 creatures vanquished

Notes
Turn   | Place    | Note
-------+----------+-------------------------------------------
     0 | D:1      | Crownlay the Gargoyle Earth Elementalist began the quest
                  | for the Orb.
     0 | D:1      | Reached XP level 1. HP: 10/10 MP: 3/3
   356 | D:1      | Reached XP level 2. HP: 11/15 MP: 3/5
  1071 | D:2      | Reached XP level 3. HP: 19/19 MP: 2/7
  1227 | D:2      | Found Xuarak's Armour Shoppe.
  1482 | D:2      | Reached skill level 3 in Spellcasting
  1553 | D:2      | Found a faded altar of an unknown god.
  1770 | D:2      | Reached skill level 1 in Shields
  2196 | D:2      | Reached XP level 4. HP: 24/24 MP: 8/8
  2605 | D:3      | Found a white marble altar of Elyvilon.
  2622 | D:3      | Learned a level 3 spell: Stone Arrow
  2700 | D:3      | Found a snail-covered altar of Cheibriados.
  3034 | D:4      | Noticed a kobold brigand
  3042 | D:4      | Killed a kobold brigand
  3043 | D:4      | Reached XP level 5. HP: 28/28 MP: 1/10
  3116 | D:4      | Noticed an ogre
  3123 | D:4      | Killed an ogre
  3124 | D:4      | Reached skill level 4 in Spellcasting
  3124 | D:4      | Reached XP level 6. HP: 26/32 MP: 6/12
  3337 | D:4      | Reached skill level 5 in Earth Magic
  3452 | D:4      | You fall into a shaft and drop 1 floor!
  3452 | D:5      | Entered Level 5 of the Dungeon
  3721 | D:3      | Reached XP level 7. HP: 31/36 MP: 3/14
  3854 | D:4      | Reached skill level 5 in Spellcasting
  4078 | D:4      | Found a broken altar of Ashenzari.
  4639 | D:5      | Reached skill level 6 in Spellcasting
  4706 | D:5      | Reached XP level 8. HP: 41/41 MP: 12/17
  5267 | D:5      | Found Dunaytse's Magic Scroll Boutique.
  5272 | D:5      | Bought a scroll of fear for 52 gold pieces
  5272 | D:5      | Bought a scroll of identify for 30 gold pieces
  5272 | D:5      | Bought a scroll of identify for 30 gold pieces
  5272 | D:5      | Bought a scroll of magic mapping for 52 gold pieces
  5516 | D:6      | Reached skill level 7 in Spellcasting
  5564 | D:6      | Found a sand-covered staircase.
  5571 | Ossuary  | Entered an ossuary
  6195 | D:6      | Reached skill level 8 in Spellcasting
  6371 | D:6      | Reached XP level 9. HP: 41/45 MP: 17/21
  6406 | D:6      | Noticed Sigmund
  6412 | D:6      | Killed Sigmund
  6413 | D:6      | Identified the +7 war axe "Eppuwyff" {venom, Fly rCorr
                  | Stlth+}
  6597 | D:6      | Found a staircase to the Ecumenical Temple.
  6600 | D:6      | Noticed Prince Ribbit
  6611 | D:6      | Killed Prince Ribbit
  6682 | Temple   | Entered the Ecumenical Temple
  6701 | Temple   | Became a worshipper of Vehumet
  6797 | D:6      | Reached skill level 9 in Spellcasting
  7418 | D:7      | Noticed a boulder beetle
  7657 | D:7      | Killed a boulder beetle
  7658 | D:7      | Reached skill level 10 in Spellcasting
  7658 | D:7      | Reached skill level 10 in Earth Magic
  7658 | D:7      | Reached XP level 10. HP: 24/50 MP: 2/24
  7843 | D:7      | Reached * piety under Vehumet
  7843 | D:7      | Offered knowledge of Foxfire by Vehumet.
  8086 | D:7      | Found a sacrificial altar of Ru.
  8892 | D:8      | Reached skill level 11 in Spellcasting
  9177 | D:8      | Reached ** piety under Vehumet
  9177 | D:8      | Offered knowledge of Magic Dart by Vehumet.
  9294 | D:8      | Noticed a cyclops
  9298 | D:8      | Killed a cyclops
  9499 | D:8      | Noticed Joseph
  9503 | D:8      | Killed Joseph
  9627 | D:8      | Found Gozag's Platinum Reserve.
  9628 | D:8      | Found an opulent altar of Gozag.
  9676 | D:8      | Found a shadowy altar of Dithmenos.
  9680 | D:8      | Reached skill level 12 in Spellcasting
  9873 | D:9      | Reached skill level 1 in Conjurations
  9880 | D:9      | Reached skill level 1 in Fighting
  9880 | D:9      | Reached skill level 1 in Evocations
 10189 | D:9      | Found a blossoming altar of Fedhas.
 10196 | D:9      | Learned a level 5 spell: Lee's Rapid Deconstruction
 10228 | D:9      | Found a staircase to the Lair.
 10503 | D:9      | Offered knowledge of Ignite Poison by Vehumet.
 10506 | D:9      | Reached XP level 11. HP: 50/58 MP: 19/27
 10984 | D:10     | Entered Level 10 of the Dungeon
 11170 | D:10     | Noticed Nergalle
 11176 | D:10     | Killed Nergalle
 11299 | D:10     | Reached *** piety under Vehumet
 11300 | D:10     | Reached skill level 5 in Conjurations
 11841 | D:10     | Offered knowledge of Conjure Flame by Vehumet.
 12246 | D:11     | Noticed a cyclops
 12253 | D:11     | Killed a cyclops
 12404 | D:11     | Noticed a two-headed ogre
 12405 | D:11     | Noticed a two-headed ogre
 12409 | D:11     | Killed a two-headed ogre
 12413 | D:11     | Killed a two-headed ogre
 12738 | D:11     | Noticed a cyclops
 12740 | D:11     | Killed a cyclops
 12740 | D:11     | Noticed a four-headed hydra
 12745 | D:11     | Killed a four-headed hydra
 12746 | D:11     | Reached skill level 5 in Fighting
 13358 | D:12     | Reached skill level 5 in Evocations
 13358 | D:12     | Noticed a two-headed ogre
 13366 | D:12     | Killed a two-headed ogre
 13367 | D:12     | Reached XP level 12. HP: 49/68 MP: 20/28
 13720 | D:12     | Noticed Fannar
 13729 | D:12     | HP: 1/69 [Fannar/bolt of cold (32)]
 13731 | D:12     | Killed from afar by Fannar

Illustrated notes

Levels and vault maps discovered:
D:1:      nzn_arrival_water_spiral, layout_loops_cross
D:2:      layout_loops_cross, hellmonk_ecumenical_altar_lost_god, serial_shops,
          shop, nrook_loot_triangle, grunt_decor_clamped,
          minmay_misc_feat_square, minmay_statues_item,
          nicolae_figureground_pulse
D:3:      layout_basic, elyvilon_altar_1, slow_altar_2
D:4:      layout_cave_pools, kennysheep_little_box, minmay_hedge_maze
D:5:      layout_basic, serial_shops, nicolae_shop_hallway_plus,
          lightli_minifort
D:6:      layout_basic, minmay_temple_entry_mist, chequers_ossuary_entry_cave,
          uniq_sigmund, uniq_prince_ribbit1
D:7:      layout_loops_ring, nicolae_ru_great_annihilating_truth
D:8:      wad_lake_hut, layout_layer_cave, grunt_dithmenos_smoke_and_mirrors,
          nicolae_gozag_zags_fifth_avenue, uniq_joseph
D:9:      layout_roguey, lemuel_crystal_altar, erik_lair_island,
          bh_circular_ruins
D:10:     layout_basic, minmay_misc_feat_tower, uniq_nergalle
D:11:     layout_roguey
D:12:     layout_stronghold, minmay_orc_entry_guard_dogs, serial_shops, shop,
          kennysheep_generic_room_10, uniq_fannar
Temple:   regret_index_temple_waves

Skill      XL: |  1  2  3  4  5  6  7  8  9 10 11 |
---------------+----------------------------------+-----
Earth Magic    | 4 5 6 8 10 | 10.0
Spellcasting   | 3 4 6 8 10 12 | 12.4
Shields        | 1 2 3 4 |  4.0
Conjurations   | 3 8 |  8.4
Fighting       | 2 5 |  5.7
Evocations     | 2 5 |  5.0
Dodging        | |  1.5
Stealth        | |  2.1
Transmutations | |  0.7

Action                   |  1- 3 |  4- 6 |  7- 9 | 10-12 || total
-------------------------+-------+-------+-------+-------++-------
Melee: Dagger            |    80 |     8 |       |       ||    88
       Staff             |       |    10 |    16 |       ||    26
 Cast: Sandblast         |    19 |    51 |   135 |   170 ||   375
       Stone Arrow       |       |     7 |    46 |    65 ||   118
       Lee's Rapid Decon |       |       |       |    14 ||    14
Evoke: Wand              |       |       |     6 |       ||     6
  Use: Scroll            |       |     2 |     4 |     9 ||    15
       Potion            |       |       |       |     4 ||     4
 Stab: Sleeping          |     2 |       |       |       ||     2
Armor: Robe              |    22 |    14 |    39 |       ||    75
       Steam dragon scal |       |       |       |    41 ||    41
Dodge: Dodged            |    42 |    28 |    57 |    43 ||   170
Block: Buckler           |       |     1 |    17 |    26 ||    44

Table legend: (Time is in decaauts)
 A = Elapsed time spent in this place.
 B = Non-inter-level travel time spent in this place.
 C = Inter-level travel time spent in this place.
 D = Time resting spent in this place.
 E = Time spent auto-exploring this place.
 F = Levels seen in this place.
 G = Mean time per level.
                   A        B        C        D        E       F      G
               +--------+--------+--------+--------+--------+-----+--------+
         Total |  13771 |  13435 |    336 |    172 |  11410 |  14 |  983.6 |
       Dungeon |  13153 |  12832 |    321 |    172 |  10928 |  12 | 1096.1 |
        Temple |     34 |     19 |     15 |      0 |     12 |   1 |   34.0 |
       Ossuary |    583 |    583 |      0 |      0 |    470 |   1 |  583.0 |
               +--------+--------+--------+--------+--------+-----+--------+

Top non-repeatable levels by time:
     D:2: 1530 daAuts
     D:6: 1337 daAuts
     D:4: 1337 daAuts
    D:10: 1254 daAuts
     D:8: 1218 daAuts
     D:7: 1209 daAuts
     D:9: 1126 daAuts
    D:11: 1116 daAuts
     D:5: 1023 daAuts
     D:3: 893 daAuts
     D:1: 729 daAuts
 Ossuary: 583 daAuts
    D:12: 376 daAuts
  Temple: 34 daAuts
